 Dungeon Crawl Stone Soup version 0.23.1 (webtiles) character file.

Game seed: 11301594027930268915

582 night the Insei (level 7, -6/50 HPs)
             Began as a Demonspawn Hunter on Mar 8, 2019.
             Mangled by an ogre
             ... wielding a +0 giant club
              (27 damage)
             ... on level 4 of the Dungeon.
             The game lasted 00:11:20 (5227 turns).

night the Insei (Demonspawn Hunter)                 Turns: 5227, Time: 00:11:21

Health: -6/50      AC: 12    Str: 14    XL:     7   Next: 14%
Magic:  7/7        EV:  4    Int: 12    God:
Gold:   190        SH:  0    Dex: 18    Spells: 6/6 levels left

rFire    + . .     SeeInvis .     - Unarmed
rCold    . . .     Gourm    .   (no shield)
rNeg     . . .     Faith    .   p - +2 plate armour {rF+}
rPois    .         Spirit   .   (no helmet)
rElec    .         Reflect  .   (no cloak)
rCorr    .         Harm     .   (no gloves)
MR       .....                  (no boots)
Stlth    ..........             (no amulet)
HPRegen  0.16/turn              (no ring)
MPRegen  0.10/turn              (no ring)

@: no status effects
A: thin skeletal structure 2, nightstalker 1, powered by death 1
a: no special abilities


You were on level 4 of the Dungeon.
You were not hungry.

You visited 1 branch of the dungeon, and saw 4 of its levels.

You collected 190 gold pieces.

Inventory:

Hand Weapons
 a - a +1 shortbow
Missiles
 b - 123 stones (quivered)
Armour
 c - a +0 leather armour
 e - a +1 ring mail
 l - a +0 plate armour
 p - a +2 plate armour of fire resistance (worn)
Wands
 m - a wand of paralysis (5)
Scrolls
 g - a scroll of immolation {unknown}
 q - 3 scrolls of identify {unknown}
Potions
 h - a potion of brilliance {unknown}
 j - 2 potions of curing {unknown}
 k - 3 potions of haste {unknown}
 n - 2 potions of heal wounds
 o - a potion of agility {unknown}
Comestibles
 d - a chunk of flesh
 f - 5 rations


   Skills:
 - Level 2.0 Fighting
 + Level 5.4 Bows
 - Level 1.7 Dodging
 - Level 0.8 Stealth
 * Level 5.6 Unarmed Combat


You had 6 spell levels left.
You didn't know any spells.
Your spell library was empty.

Dungeon Overview and Level Annotations

Branches:
Dungeon (4/15)
 Temple: D:4-7

Altars:
Ashenzari
Qazlal
Yredelemnul


Innate Abilities, Weirdness & Mutations

You have a moderately thin skeletal structure. (Dex +4, Stealth+)
You are slightly more attuned to the shadows.
You regenerate a little health from kills.


Message History

The ogre is lightly wounded.
The ogre hits you with a +0 giant club!!
Your plate armour prevents you from hitting the ogre.
The ogre is lightly wounded.
You hit the ogre but do no damage.
The ogre is lightly wounded.
The ogre hits you with a +0 giant club.
Your plate armour prevents you from hitting the ogre.
The ogre is lightly wounded.
The ogre barely misses you.
You punch the ogre!
The ogre is heavily wounded.
You hit the ogre but do no damage.
The ogre is heavily wounded.
The ogre barely misses you.
You hit the ogre.
The ogre is heavily wounded.
The ogre hits you with a +0 giant club!!
Ouch! That really hurt!
You die...

.######## ....
.......#
....###.(..O# #
.....(.....@#.###
.............>....
.....(...(.(#.###.
......$((...#.#
#....(......# #
........(..(#
?###.(.######
#...# #...#


You could see an ogre.

Vanquished Creatures
  Sigmund (D:2)
  2 phantoms (D:3)
  An ogre (D:3)
  7 adders
  A worm (D:3)
  2 dart slugs (D:1)
  4 leopard geckos
  11 orcs (D:3)
  9 bats
  6 giant cockroaches
  13 goblins
  7 hobgoblins
  6 jackals
  7 kobolds
  A quokka (D:3)
  A ball python (D:3)
  7 frilled lizards
  4 rats
  A spectral orc (D:3)
91 creatures vanquished.

Notes
Turn   | Place    | Note
-------+----------+-------------------------------------------
     0 | D:1      | night the Demonspawn Hunter began the quest for the Orb.
     0 | D:1      | Reached XP level 1. HP: 16/16 MP: 1/1
   484 | D:1      | Reached skill level 1 in Unarmed Combat
   528 | D:1      | Gained mutation: You have a somewhat thin skeletal
                  | structure. (Dex +2, Stealth) [demonic ancestry]
   528 | D:1      | Reached XP level 2. HP: 14/22 MP: 2/2
  1202 | D:1      | Reached XP level 3. HP: 23/27 MP: 3/3
  2173 | D:2      | Found a stormy altar of Qazlal.
  2263 | D:2      | Gained mutation: You regenerate a little health from kills.
                  | [demonic ancestry]
  2263 | D:2      | Reached XP level 4. HP: 28/33 MP: 4/4
  2440 | D:2      | Noticed Sigmund
  3290 | D:2      | Killed Sigmund
  3290 | D:2      | Reached XP level 5. HP: 33/38 MP: 5/5
  3763 | D:3      | Noticed a phantom
  3802 | D:3      | Killed a phantom
  3802 | D:3      | Reached skill level 5 in Bows
  3802 | D:3      | Gained mutation: You are slightly more attuned to the
                  | shadows. [demonic ancestry]
  3802 | D:3      | Reached XP level 6. HP: 28/44 MP: 6/6
  4356 | D:3      | Found a basalt altar of Yredelemnul.
  4449 | D:3      | Found a shattered altar of Ashenzari.
  4593 | D:3      | Reached skill level 5 in Unarmed Combat
  4799 | D:3      | Gained mutation: You have a moderately thin skeletal
                  | structure. (Dex +4, Stealth+) [demonic ancestry]
  4799 | D:3      | Reached XP level 7. HP: 6/50 MP: 7/7
  4807 | D:3      | HP: 1/50 [adder (3)]
  5227 | D:4      | Mangled by an ogre

Skill      XL: |  1  2  3  4  5  6 |
---------------+-------------------+-----
Unarmed Combat | 1 2 4 5 |  5.6
Bows           | 4 5 |  5.4
Fighting       | |  2.0
Dodging        | |  1.7
Stealth        | |  0.8

Action                   |  1- 3 |  4- 6 |  7- 9 || total
-------------------------+-------+-------+-------++-------
Melee: Unarmed           |   235 |   242 |    23 ||   500
       Punch             |     1 |     2 |       ||     3
 Fire: Shortbow          |     6 |    65 |       ||    71
Throw: Stone             |       |     5 |       ||     5
Evoke: Wand              |       |     2 |       ||     2
  Use: Scroll            |       |     3 |       ||     3
 Stab: Paralysed         |       |     8 |       ||     8
       Sleeping          |       |     3 |       ||     3
  Eat: Chunk             |     4 |     8 |     2 ||    14
Armor: Leather armour    |    12 |       |       ||    12
       Ring mail         |    38 |    47 |       ||    85
       Plate armour      |    74 |   128 |    13 ||   215
Dodge: Dodged            |   112 |    87 |     6 ||   205
